 Dungeon Crawl Stone Soup version 0.28.0-53-g5a82cb258f (webtiles) character file.

Game seed: 17849965821170399491

179 jamesp the Insei (level 5, -5/33 HPs)
             Began as an Octopode Transmuter on Aug 1, 2022.
             Shot with a bolt by an orc (15 damage)
             ... on level 4 of the Dungeon.
             The game lasted 00:08:59 (4030 turns).

jamesp the Insei (Octopode Transmuter)              Turns: 4030, Time: 00:08:59

Health: -5/33      AC:  1    Str: 12    XL:     5   Next: 59%
Magic:  8/8        EV: 13    Int: 15    God:
Gold:   153        SH:  0    Dex: 12    Spells: 8/9 levels left

rFire   . . .      SeeInvis .     - Unarmed
rCold   . . .      Faith    .   (no shield)
rNeg    . . .      Spirit   .   (helmet restricted)
rPois   .          Reflect  .   (no amulet)
rElec   .          Harm     .   (no ring)
rCorr   .          Rampage  .   (no ring)
Will    .....                   (no ring)
Stlth   +++.......              (no ring)
HPRegen 0.11/turn               (no ring)
MPRegen 0.11/turn               (no ring)
                                (no ring)
                                (no ring)

@: no status effects
A: almost no armour, amphibious, 8 rings, camouflage 1, gelatinous body 1,
nimble swimmer 1, tentacles
a: no special abilities


You were on level 4 of the Dungeon.
You visited 1 branch of the dungeon, and saw 4 of its levels.

You collected 153 gold pieces.

Inventory:

Missiles
 a - 98 stones
 b - 58 bolts
 d - 2 poisoned darts
 f - 31 arrows
 l - 22 sling bullets
Armour
 j - a +0 buckler
Scrolls
 c - a scroll of amnesia {unknown}
 e - a scroll of blinking
 g - 2 scrolls of identify {unknown}
 i - 3 scrolls of teleportation {unknown}
Potions
 h - a potion of haste
 k - 2 potions of brilliance {unknown}


   Skills:
 - Level 1.0 Fighting
 - Level 3.0 Dodging
 + Level 4.2 Unarmed Combat
 + Level 2.6 Spellcasting
 + Level 3.5 Transmutations


You had 8 spell levels left.
You knew the following spells:

 Your Spells              Type           Power      Damage    Failure   Level
a - Beastly Appendage     Tmut           24%        N/A       4%          1

Your spell library contained the following spells:

 Spells                   Type           Power      Damage    Failure   Level
 Wereblood                Tmut           12%        N/A       8%          2
 Magic Dart               Conj           4%         1d3       22%         1
 Spider Form              Tmut/Pois      7%         N/A       30%         3
 Call Imp                 Summ           1%         N/A       32%         2
 Dazzling Flash           Conj/Hex       2%         N/A       54%         3
 Mephitic Cloud           Conj/Pois/Air  1%         N/A       54%         3
 Ice Form                 Ice/Tmut       7%         N/A       71%         4
 Iskenderun's Mystic Bla  Conj/Tloc      1%         2d3       91%         4
 Starburst                Conj/Fire      0%         6d3       100%        6


Dungeon Overview and Level Annotations

Branches:
Dungeon (4/15)
 Temple: D:4-7

Altars:

Shops:
D:1 *   D:4 =


Innate Abilities, Weirdness & Mutations

You cannot wear most types of armour.
You are amphibious.
You can wear up to eight rings at the same time.
Your skin changes colour to match your surroundings (Stealth+).
Your rubbery body absorbs attacks. (AC +1, EV +1)
You are camouflaged when in or above water. (Stealth+)
You have tentacles for arms and can constrict up to eight enemies at once.


Message History

A giant cockroach comes into view.
You closely miss the orc wizard. Your grab misses the orc wizard.
Your squeeze misses the orc wizard.
The orc unwields a +0 mace.
The orc wields a +0 arbalest.
The orc shoots a bolt.
The bolt completely misses you. The orc closely misses you.
The orc wizard hits you with a +0 dagger.
You tentacle-slap the orc wizard but do no damage.
Your grab misses the orc wizard. The orc barely misses you.
The orc shoots a bolt.
The bolt closely misses you. The orc wizard closely misses you.
You barely miss the orc wizard. You grab the orc wizard.
You constrict the orc wizard.
The orc splashes around in the water.
The orc wizard closely misses you.
You tentacle-slap the orc wizard.
Your tentacle spike misses the orc wizard.
The orc wizard is heavily wounded.
You constrict the orc wizard. The orc hits you with a +0 flail.
The orc wizard hits you with a +0 dagger.
You tentacle-slap the orc wizard but do no damage.
You pierce the orc wizard, but do no damage.
The orc wizard is heavily wounded.
You constrict the orc wizard.
The orc shoots a bolt.
The bolt hits you. The orc closely misses you.
You tentacle-slap the orc wizard but do no damage.
You tentacle-slap the orc wizard.
The orc wizard is severely wounded.
You constrict the orc wizard.
The orc wizard splashes around in the water.
The orc shoots a bolt.
The bolt hits you!
* * * LOW HITPOINT WARNING * * *
The orc barely misses you.
You barely miss the orc wizard.
You pierce the orc wizard.
The orc wizard is almost dead.
You constrict the orc wizard.
You kill the orc wizard!
You hear a splash. x2
The orc shoots a bolt.
The bolt barely misses you.
Your tentacle spike disappears.
The orc shoots a bolt.
The bolt hits you!
You die...

≈≈≈≈≈≈≈≈≈ #.#
≈P≈≈≈≈≈≈≈≈♣ #.# #.#
♣≈≈≈≈≈≈≈≈≈♣♣ #.# #.#
♣≈≈♣≈≈≈≈≈≈≈♣#.##.# #.#
≈≈PP≈≈≈≈P≈)≈..##.# #.#
≈ ≈≈≈≈≈≈Bo♣♣####.# #.#
♣≈≈♣≈≈≈≈≈o≈# #.# #.#
.≈≈≈≈≈P≈≈≈## #.# #..
≈≈≈♣≈@♣≈######.### ##.
♣≈≈≈≈♣≈..).......# ##.
#≈≈♣≈♣##.#######.###..
...#♣≈♣ ...# #..)...
.. #...##.# #.###.. .
... #.# #.).).. .##
#.# #.##### # #.# #.#
..# #.#


You could see 2 orcs and a giant cockroach.

Vanquished Creatures
  An orc wizard (D:4)
  Terence (D:3)
  A gnoll (D:1)
  4 adders
  A worm (D:2)
  4 dart slugs
  3 orcs
  8 ball pythons
  6 endoplasms
  2 giant cockroaches
  3 goblins
  10 hobgoblins
  2 jackals (D:2)
  9 kobolds
  3 quokkas (D:1)
  6 bats
  4 frilled lizards
  2 rats (D:1)
70 creatures vanquished.

Vanquished Creatures (others)
  15 plants (D:4)
15 creatures vanquished.

Grand Total: 85 creatures vanquished

Notes
Turn   | Place    | Note
-------+----------+-------------------------------------------
     0 | D:1      | jamesp the Octopode Transmuter began the quest for the Orb.
     0 | D:1      | Reached XP level 1. HP: 13/13 MP: 3/3
   276 | D:1      | Reached XP level 2. HP: 9/18 MP: 3/5
   798 | D:1      | Reached XP level 3. HP: 23/23 MP: 4/6
   976 | D:1      | Found Necwagu's General Store.
  1551 | D:2      | Reached XP level 4. HP: 25/28 MP: 5/7
  3331 | D:3      | Reached skill level 4 in Unarmed Combat
  3389 | D:3      | Noticed Terence
  3399 | D:3      | Killed Terence
  3400 | D:3      | Reached XP level 5. HP: 20/33 MP: 6/8
  3756 | D:4      | Found Rufihor's One-of-a-Kind Rings.
  3795 | D:4      | Noticed a black bear
  4030 | D:4      | Shot with a bolt by an orc

Illustrated notes

Levels and vault maps discovered:
D:1:      tarquinn_simple_flora_water_c, layout_basic, serial_shops, shop,
          minmay_quantized
D:2:      mumra_celtic_spiral_tile, layout_basic, minmay_heptomino_o4
D:3:      layout_basic, lemuel_tele_altar, uniq_terence
D:4:      layout_loops_ring, nicolae_shop_unique_rings, serial_bayou_lake_a

Skill      XL: |  1  2  3  4 |
---------------+-------------+-----
Dodging        | 3 |  3.0
Transmutations | 3 |  3.5
Unarmed Combat | 4 |  4.2
Fighting       | |  1.0
Spellcasting   | |  2.6

Action                   |  1- 3 |  4- 6 || total
-------------------------+-------+-------++-------
Melee: Unarmed           |    85 |    88 ||   173
       Constrict         |    24 |    22 ||    46
       Kick              |     9 |    17 ||    26
       Tentacles         |    14 |    15 ||    29
       Punch             |     1 |     6 ||     7
 Cast: Beastly Appendage |    11 |    13 ||    24
  Use: Scroll            |       |     1 ||     1
 Stab: Sleeping          |     5 |     7 ||    12
Armor: Skin              |    12 |     3 ||    15
Dodge: Dodged            |    55 |    56 ||   111
